AoeStats
← zephyrutia

Black Forest

507869209Analyzed
2v2 RM · 13d ago on Sep 20, 2026· 62m 23s· 4 players
Game mode
Random Map
Map size
Medium (4 player)
Population
200
Speed
Normal
Resources
Standard
Victory
Conquest
Starting age
Dark Age
Ending age
Imperial Age
RankedLock teamsTeams togetherTeam positionsShared explorationLock speedFull tech treeHidden civsTurbo modeCheats
Victory
Defeat
🇦🇷 Magyars · Argentina
876
+36
🇺🇸 Teutons · United States
846
+18
🇹🇷 Mongols · Türkiye
914
-18
🇵🇱 Portuguese · Poland
870
-29
zephyrutia
8:02 Loom
10:25 Feudal Age
13:39 Double-Bit Axe
16:38 Castle Age
15:05 Horse Collar
15:47 Fletching
16:56 Crossbowman
21:57 Padded Archer Armor
26:42 Town Watch
28:12 Scale Barding Armor
29:55 Forging
31:33 Wheelbarrow
31:50 Chain Barding Armor
37:04 Bloodlines
37:36 Iron Casting
39:48 Imperial Age
38:57 Scale Mail Armor
39:54 Ironclad
40:04 Chain Mail Armor
41:24 Plate Mail Armor
40:24 Cavalier
41:40 Elite Teutonic Knight
44:08 Blast Furnace
44:50 Hand Cart
44:33 Elite Skirmisher
47:48 Chemistry
47:22 Conscription
46:33 Heavy Scorpion
49:00 Bombard Tower
GoGoGonza
7:58 Loom
10:32 Feudal Age
10:58 Double-Bit Axe
13:38 Horse Collar
17:32 Gold Mining
18:22 Wheelbarrow
20:41 Castle Age
20:12 Stone Mining
22:20 Husbandry
22:31 Bloodlines
22:41 Heavy Plow
24:20 Scale Barding Armor
26:50 Fletching
27:02 Padded Archer Armor
30:17 Bow Saw
30:34 Bodkin Arrow
30:55 Leather Archer Armor
36:01 Imperial Age
33:13 Elite Skirmisher
35:29 Corvinian Army
36:43 Ballistics
37:03 Chain Barding Armor
37:25 Conscription
39:47 Cavalier
40:34 Bracer
41:42 Gold Shaft Mining
42:10 Two-Man Saw
41:20 Thumb Ring
44:13 Chemistry
52:12 Paladin
53:22 Hand Cart
53:01 Town Watch
56:31 Plate Barding Armor
57:26 Elite Magyar Huszar
61:11 Ring Archer Armor
kavram iscisi
0:45 Loom
13:03 Feudal Age
13:49 Town Watch
16:47 Castle Age
15:38 Fletching
16:24 Double-Bit Axe
16:20 Horse Collar
18:44 Bodkin Arrow
22:30 Padded Archer Armor
26:02 Ballistics
27:05 Husbandry
27:54 Bloodlines
44:18 Imperial Age
44:10 Thumb Ring
45:04 Wheelbarrow
44:35 Elite Mangudai
45:57 Bracer
47:59 Chemistry
47:29 Leather Archer Armor
47:51 Scale Barding Armor
49:33 Parthian Tactics
49:21 Masonry
49:33 Conscription
51:49 Light Cavalry
53:28 Forging
52:48 Hussar
57:49 Chain Barding Armor
EFE
13:15 Feudal Age
15:17 Stone Mining
15:19 Gold Mining
15:26 Gold Mining
15:19 Horse Collar
15:29 Double-Bit Axe
22:46 Castle Age
22:34 Wheelbarrow
21:45 Loom
23:04 Scale Barding Armor
23:00 Padded Archer Armor
22:50 Fletching
24:14 Bow Saw
26:25 Wheelbarrow
25:35 Loom
27:05 Leather Archer Armor
27:51 Chain Barding Armor
28:50 Heavy Plow
29:24 Bodkin Arrow
31:02 Hand Cart
31:06 Husbandry
32:27 Caravan
36:21 Ballistics
39:10 Imperial Age
40:14 Conscription
39:19 Elite Organ Gun
39:29 Elite Organ Gun
41:33 Chemistry
44:03 Arquebus
45:36 Plate Barding Armor
45:02 Bracer
51:16 Pikeman
59:27 Forging
59:49 Ring Archer Armor
59:20 Scale Mail Armor
58:47 Halberdier
Connection lost

Rejoining the realm…

Still unreachable

The connection could not be restored.

Session expired

The server has moved on; the page needs a fresh start.